 Dungeon Crawl Stone Soup version 0.25.1-4-g9407a263a5 (webtiles) character file.

Game seed: 8256347480402559961

56 Clowwww the Magician (level 3, -1/24 HPs)
             Began as a Demonspawn Wizard on Nov 28, 2020.
             Killed by divine providence
             ... invoked by an orc priest
              (9 damage)
             ... on level 4 of the Dungeon.
             The game lasted 00:08:07 (2569 turns).

Clowwww the Magician (Demonspawn Wizard)            Turns: 2569, Time: 00:08:08

Health: -1/24      AC:  5    Str:  7    XL:     3   Next: 69%
Magic:  2/8        EV: 12    Int: 20    God:
Gold:   96         SH:  0    Dex: 11    Spells: 1/9 levels left

rFire    . . .     SeeInvis .   (no weapon)
rCold    . . .     Gourm    .   (no shield)
rNeg     . . .     Faith    .   a - +0 robe
rPois    .         Spirit   .   b - +0 hat
rElec    .         Reflect  .   i - +2 cloak
rCorr    .         Harm     .   (no gloves)
MR       .....                  (no boots)
Stlth    ++........             (no amulet)
HPRegen  0.08/turn              (no ring)
MPRegen  0.11/turn              (no ring)

@: lethally poisoned (-1 -> -4)
A: powered by death 1, spiny 1
a: no special abilities


You were on level 4 of the Dungeon.
You were not hungry.

You visited 1 branch of the dungeon, and saw 3 of its levels.

You collected 96 gold pieces.

Inventory:

Armour
 a - a +0 robe (worn)
 b - a +0 hat (worn)
 i - a +2 cloak (worn)
Jewellery
 o - an uncursed ring of resist corrosion {unknown}
Scrolls
 c - a scroll of fear {unknown}
 e - 2 scrolls of remove curse {unknown}
 f - a scroll of teleportation {unknown}
 g - a scroll of blinking {unknown}
 h - 6 scrolls of identify {unknown}
 p - a scroll of random uselessness {unknown}
Potions
 j - a potion of lignification {unknown}
 k - a potion of might {unknown}
 m - a potion of berserk rage {unknown}
 n - a potion of magic {unknown}
Comestibles
 d - a ration
 l - 2 chunks of flesh


   Skills:
 + Level 2.0 Dodging
 + Level 2.1 Stealth
 + Level 3.7 Spellcasting
 + Level 1.8 Conjurations
 + Level 1.0 Summonings
 + Level 1.3 Translocations


You had one spell level left.
You knew the following spells:

 Your Spells              Type           Power        Failure   Level  Hunger
a - Magic Dart            Conj           ##..         6%          1    None
b - Blink                 Tloc           N/A          12%         2    ##.....
c - Conjure Flame         Conj/Fire      #.......     26%         3    ###....
d - Call Imp              Summ           #.......     13%         2    ##.....

Your spell library contained the following spells:

 Spells                   Type           Power        Failure   Level  Hunger
 Slow                     Hex            #.......     21%         2    ##.....
 Mephitic Cloud           Conj/Pois/Air  #.......     30%         3    ###....


Dungeon Overview and Level Annotations

Branches:
Dungeon (2/15)

Altars:


Innate Abilities, Weirdness & Mutations

You regenerate a little health from kills.
You are partially covered in sharp spines.


Message History

The worker ant is lightly wounded.
You feel sick. The worker ant misses you.
Your crimson imp barely misses the worker ant.
You hit the worker ant but do no damage.
The worker ant is lightly wounded.
The worker ant is struck by your spines.
The worker ant closely misses you.
The orc priest barely misses your crimson imp.
Your crimson imp blinks!
You feel sick.
The orc priest looks encouraged for a moment.
Your crimson imp closely misses the orc.
The worker ant is struck by your spines.
The worker ant barely misses you.
You feel sick.
The orc priest casts a cantrip, but nothing happens.
Found 3 poisoned darts.
The orc priest invokes the aid of Beogh against you.
Beogh smites you!
You die...

....... 5..# Z.o# ..##
.## ## . .############
...
.[...5..oo..#######..(..
###########....a@.......
##############


You could see a worker ant and an orc priest.

Vanquished Creatures
  2 adders (D:2)
  A worm (D:2)
  2 dart slugs (D:2)
  A giant cockroach (D:1)
  5 goblins
  5 hobgoblins
  A quokka (D:2)
  3 bats
  A frilled lizard (D:2)
  4 kobolds
  5 rats
30 creatures vanquished.

Vanquished Creatures (collateral kills)
  A giant cockroach (D:4)
1 creature vanquished.

Grand Total: 31 creatures vanquished

Notes
Turn   | Place    | Note
-------+----------+-------------------------------------------
     0 | D:1      | Clowwww the Demonspawn Wizard began the quest for the Orb.
     0 | D:1      | Reached XP level 1. HP: 13/13 MP: 4/4
   415 | D:1      | Gained mutation: You are partially covered in sharp spines.
                  | [demonic ancestry]
   415 | D:1      | Reached XP level 2. HP: 19/19 MP: 0/6
  1385 | D:1      | Learned a level 2 spell: Blink
  2062 | D:2      | Reached skill level 1 in Translocations
  2062 | D:2      | Gained mutation: You regenerate a little health from kills.
                  | [demonic ancestry]
  2062 | D:2      | Reached XP level 3. HP: 20/24 MP: 0/8
  2414 | D:2      | Learned a level 3 spell: Conjure Flame
  2417 | D:2      | Learned a level 2 spell: Call Imp
  2530 | D:2      | You fall into a shaft and drop 2 floors!
  2569 | D:4      | Killed from afar by an orc priest

Illustrated notes

Levels and vault maps discovered:
D:1:      shiori_arrival_oz, layout_loops_ring
D:2:      layout_basic, minmay_misc_feat_five
D:4:      layout_rooms, lemuel_blue_sif_altar

Skill      XL: |  1  2 |
---------------+-------+-----
Dodging        | 2 |  2.0
Stealth        | 2 |  2.1
Translocations | 1 |  1.3
Spellcasting   | |  3.7
Conjurations   | |  1.8
Summonings     | |  1.0

Action                   || total
-------------------------++-------
Melee: Unarmed           ||    44
 Cast: Magic Dart        ||   108
       Blink             ||     2
       Call Imp          ||     7
  Eat: Chunk             ||     5
Armor: Robe              ||    17
Dodge: Dodged            ||    40
